 Dungeon Crawl Stone Soup version 0.30-a0-800-g7c544603b3 (webtiles) character file.

Game seed: 16272909100286728167

168977 cforsyth the Imperceptible (level 18, -14/111 HPs)
             Began as a Kobold Brigand on Feb 22, 2023.
             Was the Champion of Hepliaklqana.
             Demolished by Donald
             ... wielding a +1 double sword of electrocution
              (36 damage)
             ... on level 1 of the Shoals on Feb 23, 2023.
             The game lasted 01:38:42 (40271 turns).

cforsyth the Imperceptible (Kobold Brigand)        Turns: 40271, Time: 01:38:43

Health: -14/111    AC: 15    Str: 16    XL:     18   Next: 59%
Magic:  16/18      EV: 34    Int: 12    God:    Hepliaklqana [******]
Gold:   1775       SH:  0    Dex: 23    Spells: 17/17 levels left

rFire   + . .      SeeInvis .    z - +9 rapier "Demon's Doom" {pain, Str+5 Dex-2}
rCold   + . .      Faith    .    (no shield)
rNeg    . . .      Spirit   .    X - quicksilver dragon scales
rPois   .          Reflect  .    m - +2 hat {Stlth+}
rElec   .          Harm     .    K - scarf {rC+ rF+}
rCorr   .          Rampage  .    B - +2 pair of gloves {infuse}
Will    ++...                    Z - +0 pair of boots "Lugorrun" {Dex+3}
Stlth   ++++++++++               (no amulet)
HPRegen 0.38/turn                y - ring of flight
MPRegen 0.16/turn                U - +5 ring of evasion

@: flying, studying Transmutations
A: reduced essence, small, no large weapons, nightstalker 3
a: Renounce Religion, Recall Ancestor, Ancestor Identity, Transference, Idealise


You were on level 1 of the Shoals.
You worshipped Hepliaklqana.
Hepliaklqana was exalted by your worship.
You visited 6 branches of the dungeon, and saw 27 of its levels.
You also visited: Gauntlet.

You collected 2273 gold pieces.
You spent 498 gold pieces at shops.

Inventory:

Hand Weapons
 p - a +2 dagger of draining
 z - the +9 rapier "Demon's Doom" (weapon) {pain, Str+5 Dex-2}
   (You found it on level 4 of the Dungeon)

   Str:       It affects your strength (+5).
   Dex:       It affects your dexterity (-2).
 T - the +4 dagger of Eternal War {drain, rN+ Int+2}
   (You bought it in a shop on level 2 of the Orcish Mines)

   Int:       It affects your intelligence (+2).
   rN:        It protects you from negative energy.
Missiles
 d - 40 poisoned darts (quivered)
 e - 7 curare-tipped darts
 v - 8 throwing nets
 N - 7 boomerangs of dispersal
Armour
 m - a +2 hat of stealth (worn)
 B - a +2 pair of gloves of infusion (worn)
 K - a scarf of resistance (worn)
 M - a +1 kite shield of protection
 W - a +2 leather armour of cold resistance
 X - quicksilver dragon scales (worn)
 Z - the +0 pair of boots "Lugorrun" (worn) {Dex+3}
   (You found it in a Gauntlet)

   Dex:       It affects your dexterity (+3).
Jewellery
 b - a ring of positive energy
 y - a ring of flight (left hand)
 S - a ring of willpower
 U - a +5 ring of evasion (right hand)
Wands
 t - a wand of iceblast (29)
 G - a wand of polymorph (4)
 L - a wand of digging (19)
 O - a wand of mindburst (55)
 Q - a wand of charming (21)
 Y - a wand of flame (27)
Scrolls
 f - 4 scrolls of fog
 j - 4 scrolls of silence
 k - 2 scrolls of amnesia
 l - 2 scrolls of blinking
 o - 6 scrolls of immolation
 q - 4 scrolls of enchant armour
 s - 2 scrolls of torment
 u - 2 scrolls of identify
 x - 5 scrolls of magic mapping
 C - 4 scrolls of poison
 H - 6 scrolls of vulnerability
 P - 4 scrolls of enchant weapon
Potions
 a - 2 potions of lignification
 c - 8 potions of brilliance
 g - 3 potions of heal wounds
 h - 4 potions of attraction
 i - 2 potions of haste
 n - a potion of might
 w - 12 potions of curing
 A - 6 potions of invisibility
 D - 2 potions of mutation
 E - 5 potions of flight
 F - 3 potions of ambrosia
 J - a potion of berserk rage
 R - a potion of cancellation
 V - a potion of magic


   Skills:
 + Level 17.7 Fighting
 - Level 8.9(14.7) Short Blades
 - Level 12.3(12.8) Long Blades
 - Level 2.1 Throwing
 + Level 19.0 Dodging
 + Level 22.6 Stealth
 + Level 8.0 Shields


You had 17 spell levels left.
You didn't know any spells.
Your spell library contained the following spells:

 Spells                   Type           Power      Damage    Failure   Level
 Freeze                   Ice            0%         1d3       54%         1
 Kiss of Death            Conj/Necr      0%         2d5       54%         1
 Magic Dart               Conj           0%         1d3       54%         1
 Necrotise                Necr           0%         1d4       54%         1
 Summon Small Mammal      Summ           0%         N/A       54%         1
 Blink                    Tloc           0%         N/A       67%         2
 Lesser Beckoning         Tloc           0%         N/A       67%         2
 Momentum Strike          Conj/Tloc      0%         3d8       67%         2
 Poisonous Vapours        Pois/Air       0%         N/A       67%         2
 Searing Ray              Conj           0%         2d4       67%         2
 Sublimation of Blood     Necr           0%         N/A       67%         2
 Wereblood                Tmut           0%         N/A       67%         2
 Call Canine Familiar     Summ           0%         N/A       88%         3
 Confusing Touch          Hex            0%         N/A       88%         3
 Dazzling Flash           Conj/Hex       0%         N/A       88%         3
 Frozen Ramparts          Ice            0%         1d1       88%         3
 Hailstorm                Conj/Ice       0%         3d3       88%         3
 Kindle Blastsparks       Fire/Tloc/Air  0%         2d10      88%         3
 Summon Guardian Golem    Hex/Summ       0%         N/A       88%         3
 Vampiric Draining        Necr           0%         2d6       88%         3
 Airstrike                Air            0%         2d(0-16)  99%         4
 Dispel Undead            Necr           0%         3d6       99%         4
 Fulminant Prism          Conj/Hex       0%         3d5       99%         4
 Iskenderun's Mystic Bla  Conj/Tloc      0%         2d3       99%         4
 Manifold Assault         Tloc           0%         N/A       99%         4
 Petrify                  Tmut/Erth      0%         N/A       99%         4
 Summon Lightning Spire   Summ/Air       0%         N/A       99%         4
 Agony                    Necr           0%         N/A       100%        5
 Lee's Rapid Deconstruct  Erth           0%         3d4*      100%        5
 Lightning Bolt           Conj/Air       0%         1d11      100%        5
 Metabolic Englaciation   Hex/Ice        0%         N/A       100%        5
 Dispersal                Tloc           0%         N/A       100%        6
 Starburst                Conj/Fire      0%         6d3       100%        6
 Statue Form              Tmut/Erth      0%         N/A       100%        6
 Storm Form               Tmut/Air       0%         N/A       100%        7
 Summon Hydra             Summ           0%         N/A       100%        7
 Disjunction              Tloc           0%         N/A       100%        8
 Maxwell's Capacitive Co  Air            0%         ∞         100%        8


Dungeon Overview and Level Annotations

Branches:
Dungeon (15/15)            Temple (1/1) D:6            Lair (5/5) D:8
 Shoals (1/4) Lair:2       Spider (3/4) Lair:3        Slime (0/5) Lair:5
    Orc (2/2) D:12            Elf (0/3) Orc:2        Vaults (0/5) D:13
 Depths (0/4) D:15        Gauntlet (visited)

Altars:
Ashenzari
Cheibriados
Dithmenos
Elyvilon
Fedhas
Gozag
Hepliaklqana
Kikubaaqudgha
Makhleb
Nemelex Xobeh
Okawaru
Qazlal
Ru
Sif Muna
Trog
Uskayaw
Vehumet
Wu Jian
Xom
Yredelemnul
Zin
The Shining One
Jiyva

Shops:
D:2 (   D:5 (   D:12 :(:=:   Orc:2 ***!

Portals:
Trove: D:15 (give 5 potions of resistance)

Annotations:
Shoals:1 Donald


Innate Abilities, Weirdness & Mutations

Your life essence is reduced to manifest your ancestor. (-10% HP)
You are small and have problems with some larger weapons.
You are completely attuned to the shadows.


Message History

You enter the shallow water.
Moving in this stuff is going to be slow.
Donald says, "The sirens are starting to hurt my ears."
Donald says, "I'm soaked through.
I hate being wet!"
Donald says, "If your ancestor was so tough and powerful, how come they're dead?"
Donald misses you.
Blink to where?
Press: ? - help, Dir - move target
As you read the scroll of blinking, it crumbles to dust.
Found a ring mail.
Donald sighs.
You enter the shallow water.
Moving in this stuff is going to be slow.
Blink to where?
Press: ? - help, Dir - move target Splash!
As you read the scroll of blinking, it crumbles to dust.
You're wearing all the rings you can.
Remove which one? (? for menu, Esc to cancel) < or
S - a ring of willpower; > or
U - a +5 ring of evasion You remove your ring of willpower.
You fly up into the air.
y - a ring of flight (left hand) Donald says, "I like the beach, but I hate the sea."
Press: ? - help, v - describe, . - travel
Here: Donald, wielding a +1 double sword of electrocution, wearing a +2 crystal plate armour and wearing a +0 kite shield of reflection (water, fast, strong, lightly drained, reflecting blocked projectiles) Some deep water.
Blink to where?
Press: ? - help, Dir - move target
As you read the scroll of blinking, it crumbles to dust.
Donald seems less drained.
DadTDM is recalled.
Donald blocks DadTDM's attack.
DadTDM points at Donald and mumbles some strange words.
Donald resists with almost no effort.
Donald says, "Would you happen to remember where the Orb is?"
There is a staircase back to the Lair here.
Donald blocks your attack.
Donald hits you with a +1 double sword of electrocution!!!
You die...

m~.~......###.......~~~~~
.......~..#####........~
.....~~~..#.##.....~~..~
)....~~~~.........~~~..~~
..##..~~...........~~~~~~≈≈≈
..####....~~........~~~~~≈≈≈
...###...~~..~~~.....~~~~~~~
........~~......~..#..~~~~~.
.......~~~..~..~@.##...~~~~~
.......~~~..~..~@......~~~~~
.......~~~~~~...R.....~~~~~~
..~~....~~~~~~~...~...~....~
..~~~....~~≈~~~~~~~.......##
.......~~~≈≈≈≈~~~~~.....?##.
#...~~~~~~≈≈≈≈≈≈≈~~.........
#..~~~~~≈≈≈≈≈≈≈≈≈~~~..~~~~..
.~~≈≈≈≈≈≈≈≈≈≈≈≈≈~~~~~~~~..


You could see the friendly DadTDM the hexer and Donald (fast, strong, ally
target, reflecting).

Vanquished Creatures
  Arachne (Spider:3)
  Rupert (Lair:5)
  An emperor scorpion (Spider:2)
  Louise (Spider:1)
  2 broodmothers (Spider:3)
  A dire elephant (Lair:3)
  4 spark wasps
  A minotaur (Gauntlet)
  2 entropy weavers
  5 hydras
  4 ogre magi
  5 vault guards (D:13)
  5 centaur warriors
  A jorogumo (Spider:3)
  4 catoblepae
  3 boulder beetles
  16 two-headed ogres
  A merfolk avatar (Shoals:1)
  8 death yaks
  5 radroaches
  7 dancing weapons
  A tengu warrior (D:12)
  A death scarab (Gauntlet)
  A vampire mage (D:15)
  2 skysharks
  An orc high priest (Orc:2)
  Amaemon (Lair:2)
  2 skeletal warriors
  A sun moth (Spider:1)
  3 sixfirhies (Gauntlet)
  5 pharaoh ants
  2 sea snakes (Shoals:1)
  7 orb spiders
  A deep elf archer (D:12)
  14 wolf spiders
  5 harpies (Shoals:1)
  A necromancer (D:15)
  4 manticores
  4 steelbarb worms
  7 ugly things
  A stone giant zombie (D:15)
  3 cyclopes
  An orc sorcerer (D:13)
  17 elephants
  An elephant (shapeshifter) (D:15)
  A merfolk siren (Shoals:1)
  3 torpor snails
  4 black mambas
  2 moths of wrath
  A water nymph (Shoals:1)
  A torpor snail (shapeshifter) (D:12)
  An orange demon (Lair:2)
  2 gargoyles
  5 demonic crawlers
  11 cane toads
  6 rime drakes
  2 yaktaurs (D:13)
  2 freezing wraiths (D:14)
  8 komodo dragons
  3 merfolk (Shoals:1)
  A polar bear (Lair:2)
  3 meliai (D:13)
  7 trolls
  A spriggan skeleton (D:15)
  3 wind drakes (Shoals:1)
  24 tarantellas
  4 hornets
  A snapping turtle (Lair:2)
  9 blink frogs (Lair:1)
  5 dream sheep
  10 culicivoras
  10 jumping spiders
  10 slime creatures
  4 wraiths
  2 shadows
  5 wyverns
  Eustachio (D:5)
  A vampire (D:11)
  A spectral komodo dragon (Gauntlet)
  46 yaks
  14 vampire mosquitoes
  3 basilisks
  29 redbacks
  A warg (Orc:1)
  A swamp worm (Lair:3)
  An acid dragon (D:12)
  20 water moccasins
  2 human skeletons (D:15)
  12 orc warriors
  2 sky beasts (D:7)
  2 black bears
  10 wolves
  8 centaurs
  23 ogres
  3 phantoms
  A necrophage (D:6)
  Blork the orc (D:4)
  12 bullfrogs
  2 gnoll sergeants (D:9)
  2 kobold brigands (D:7)
  4 scorpions
  A wight (D:9)
  17 killer bees
  10 howler monkeys
  An electric eel (Lair:3)
  5 hounds
  9 orc priests
  A jelly (D:5)
  2 gnoll boudas
  Ijyb (D:3)
  2 iguanas (D:4)
  22 orc wizards
  Robin (D:3)
  18 gnolls
  9 adders
  A shadow imp (D:7)
  An ufetubus (D:5)
  2 worms (D:3)
  A dart slug (D:3)
  64 orcs
  7 bats
  10 endoplasms
  3 giant cockroaches
  17 goblins
  8 hobgoblins
  2 jackals (D:1)
  3 kobolds
  6 quokkas
  6 ball pythons
  9 frilled lizards
  5 rats
  A spectral orc (D:11)
762 creatures vanquished.

Vanquished Creatures (collateral kills)
  The ghost of cheesebisquit the Warrior, an adept MiBe of Trog (Orc:2)
  3 ghost moths
  A spark wasp (Spider:1)
  2 hydras
  2 ogre magi (Orc:2)
  6 two-headed ogres (Orc:2)
  2 death yaks (Lair:4)
  A skyshark (Shoals:1)
  A pharaoh ant (Spider:1)
  2 orb spiders (Spider:3)
  A wizard (D:15)
  A steelbarb worm (Spider:2)
  A wolf spider (Spider:2)
  An ugly thing (D:15)
  A cyclops (D:15)
  6 elephants
  A black mamba (Lair:5)
  A cane toad (Lair:3)
  Psyche (D:8)
  A komodo dragon (Lair:3)
  2 tarantellas (Spider:2)
  3 dream sheep
  3 jumping spiders
  5 culicivoras
  2 slime creatures (D:12)
  11 yaks
  A wyvern (Lair:5)
  8 redbacks
  A vampire mosquito (D:13)
  An acid dragon (D:10)
  A warg (Orc:1)
  A swamp worm (Lair:3)
  2 water moccasins
  3 orc warriors
  A wolf (Lair:4)
  9 ogres
  A bullfrog (Lair:3)
  4 killer bees
  2 howler monkeys (D:10)
  2 orc priests
  6 orc wizards
  A gnoll (D:9)
  4 orcs
110 creatures vanquished.

Vanquished Creatures (others)
  A gnoll sergeant (D:9)
  2 ancestors (D:8)
  28 hexers
  107 fungi
  122 plants
  6 toadstools (Lair:3)
  3 withered plants (D:15)
269 creatures vanquished.

Grand Total: 1141 creatures vanquished

Notes
Turn   | Place    | Note
-------+----------+-------------------------------------------
     0 | D:1      | cforsyth the Kobold Brigand began the quest for the Orb.
     0 | D:1      | Reached XP level 1. HP: 12/12 MP: 1/1
   156 | D:1      | Reached XP level 2. HP: 18/18 MP: 2/2
   547 | D:1      | Reached XP level 3. HP: 22/22 MP: 3/3
  1136 | D:2      | Reached XP level 4. HP: 27/27 MP: 4/4
  1204 | D:2      | Identified the +1 hand axe "Tiji" {heavy, Dex+2}
  1264 | D:2      | Found Gyuxaz's Antique Weapon Shop.
  1436 | D:2      | Reached skill level 6 in Stealth
  1811 | D:3      | Noticed Ijyb
  1815 | D:3      | Killed Ijyb
  1816 | D:3      | Reached XP level 5. HP: 32/32 MP: 5/5
  2049 | D:3      | Noticed Robin
  2051 | D:3      | Reached XP level 6. HP: 36/38 MP: 6/6
  2128 | D:3      | Killed Robin
  2958 | D:4      | Identified the +9 rapier "Demon's Doom" {pain, Str+5 Dex-2}
  3004 | D:4      | Reached skill level 7 in Stealth
  3141 | D:4      | Noticed Blork the orc
  3145 | D:4      | Killed Blork the orc
  3146 | D:4      | Reached skill level 5 in Short Blades
  3146 | D:4      | Reached XP level 7. HP: 43/43 MP: 7/7
  3327 | D:4      | Found a sacrificial altar of Ru.
  3765 | D:5      | Entered Level 5 of the Dungeon
  3979 | D:5      | You fall into a shaft and drop 3 floors!
  4093 | D:8      | Reached skill level 5 in Fighting
  4093 | D:8      | Reached XP level 8. HP: 22/49 MP: 8/8
  4095 | D:8      | Reached skill level 5 in Dodging
  4095 | D:8      | Reached skill level 8 in Stealth
  4144 | D:8      | Found a blossoming altar of Fedhas.
  4336 | D:7      | Found a bloodstained altar of Trog.
  4456 | D:8      | Noticed a yak
  4470 | D:8      | Found a staircase to the Lair.
  4497 | D:8      | Noticed a yak
  4497 | D:8      | Noticed a yak
  4498 | D:8      | Noticed a yak
  4499 | D:8      | Noticed a yak
  4515 | D:8      | Noticed Psyche
  4617 | D:7      | Found a hide-covered altar of Uskayaw.
  4621 | D:7      | Found a white marble altar of Elyvilon.
  4625 | D:7      | Found an ancient bone altar of Kikubaaqudgha.
  4629 | D:7      | Found a radiant altar of Vehumet.
  4632 | D:7      | Found an opulent altar of Gozag.
  4728 | D:7      | Reached skill level 9 in Stealth
  4780 | D:5      | Reached XP level 9. HP: 47/55 MP: 9/9
  4800 | D:5      | Noticed Eustachio
  4832 | D:5      | Killed Eustachio
  4961 | D:5      | Found Fudoh's Weapon Emporium.
  5345 | D:5      | Found a glowing silver altar of Zin.
  5581 | D:6      | Found a shadowy altar of Dithmenos.
  5691 | D:6      | Reached skill level 10 in Stealth
  5691 | D:6      | Found a staircase to the Ecumenical Temple.
  5697 | Temple   | Entered the Ecumenical Temple
  5962 | Temple   | Became a worshipper of Hepliaklqana the Forgotten
  6134 | D:6      | Noticed a boulder beetle
  6137 | D:6      | Killed a boulder beetle
  6138 | D:6      | Reached XP level 10. HP: 63/63 MP: 10/10
  6252 | D:6      | Found a stormy altar of Qazlal.
  6424 | D:7      | Found a broken altar of Ashenzari.
  6495 | D:7      | Reached skill level 1 in Long Blades
  6717 | D:7      | Reached * piety under Hepliaklqana
  6779 | D:7      | Reached skill level 11 in Stealth
  6956 | D:7      | Noticed a two-headed ogre
  6986 | D:7      | Found a transporter.
  7011 | D:7      | Noticed a gargoyle
  7015 | D:7      | Killed a gargoyle
  7147 | D:7      | Found a transporter.
  7967 | D:8      | Reached skill level 12 in Stealth
  8052 | D:8      | Reached XP level 11. HP: 44/63 MP: 11/11
  8075 | D:8      | Reached skill level 5 in Long Blades
  8493 | D:8      | Reached skill level 10 in Dodging
  8836 | D:9      | Found a shimmering altar of Xom.
  8852 | D:9      | Reached skill level 13 in Stealth
  9314 | D:9      | Reached ** piety under Hepliaklqana
  9315 | D:9      | Remembered your ancestor DadTDM as a hexer
  9786 | D:9      | Noticed a two-headed ogre
  9978 | D:8      | Killed Psyche
 10367 | D:9      | Reached skill level 10 in Fighting
 10377 | D:9      | Killed a two-headed ogre
 10751 | D:10     | Entered Level 10 of the Dungeon
 11035 | D:10     | Reached XP level 12. HP: 70/70 MP: 12/12
 11169 | D:10     | Reached skill level 14 in Stealth
 12164 | D:11     | Noticed a two-headed ogre
 12175 | D:11     | Killed a two-headed ogre
 12566 | D:11     | Found a hazy altar of Hepliaklqana.
 12663 | D:12     | Found Gelah's Jewellery Shoppe.
 12669 | D:12     | Reached *** piety under Hepliaklqana
 12771 | D:12     | Noticed a boulder beetle
 12775 | D:12     | Killed a boulder beetle
 12778 | D:12     | Found Ehagh's Book Shoppe.
 12883 | D:12     | Reached skill level 15 in Stealth
 12915 | D:12     | Found a staircase to the Orcish Mines.
 13093 | D:12     | Noticed a two-headed ogre
 13111 | D:12     | Killed a two-headed ogre
 13332 | D:12     | Found Zaogein's Book Shop.
 13336 | D:12     | Identified the +4 flail "Jotzismi" {flame, +Blink Will+
                  | SInv}
 13354 | D:12     | Found Riwaifin's Antique Weapon Emporium.
 13364 | D:12     | Found Jefaxt's Book Shoppe.
 13516 | D:12     | Noticed a two-headed ogre
 13518 | D:12     | Killed a two-headed ogre
 13608 | Lair:1   | Entered Level 1 of the Lair of Beasts
 13614 | Lair:1   | Reached XP level 13. HP: 75/75 MP: 13/13
 13644 | Lair:1   | Found a gate leading to a gauntlet.
 13650 | Gauntlet | Entered a Gauntlet
 13657 | Gauntlet | Found a transporter.
 13680 | Gauntlet | Found a transporter.
 13680 | Gauntlet | Found a transporter.
 13707 | Gauntlet | Found a transporter.
 13719 | Gauntlet | Found a runed translucent door.
 13719 | Gauntlet | Found the +3 hat of Pondering {ponderous, Will+ MP+10
                  | Int+5}
 13734 | Gauntlet | Found a transporter.
 13734 | Gauntlet | Found a transporter.
 13744 | Gauntlet | Found a transporter.
 13744 | Gauntlet | Found a transporter.
 13754 | Gauntlet | Found a transporter.
 13764 | Gauntlet | Found a runed translucent door.
 13783 | Gauntlet | Found a transporter.
 13783 | Gauntlet | Found a transporter.
 13795 | Gauntlet | Found a transporter.
 13877 | Gauntlet | Identified the +1 helmet "Vust" {Rampage Fly Dex-2 Stlth+}
 14094 | Gauntlet | Reached skill level 10 in Long Blades
 14226 | Gauntlet | Identified the +8 glaive of Tomorrow {pain, Dex+3}
 14226 | Gauntlet | Identified the +3 shortbow "Zysot" {elec, rElec Str+4}
 14226 | Gauntlet | Noticed a minotaur
 14233 | Gauntlet | Killed a minotaur
 14241 | Gauntlet | Identified the +0 pair of boots "Lugorrun" {Dex+3}
 14761 | Lair:1   | Reached skill level 16 in Stealth
 14983 | Lair:1   | Reached **** piety under Hepliaklqana
 15876 | Lair:2   | Noticed Amaemon
 15881 | Lair:2   | Killed Amaemon
 16046 | Lair:2   | Found a staircase to the Shoals.
 16319 | Lair:3   | Noticed a catoblepas
 16320 | Lair:3   | Noticed a dire elephant
 16342 | Lair:3   | Found a runed translucent door.
 16886 | Lair:3   | Found a hole to the Spider Nest.
 16910 | Lair:3   | Reached XP level 14. HP: 82/82 MP: 14/14
 17212 | Lair:3   | Reached ***** piety under Hepliaklqana
 17335 | Lair:3   | Reached skill level 17 in Stealth
 18568 | Lair:3   | Killed a dire elephant
 19981 | Lair:4   | Got the Atlas of the Creeping Snake
 20626 | Lair:5   | Entered Level 5 of the Lair of Beasts
 20641 | Lair:4   | Reached skill level 18 in Stealth
 21336 | Lair:4   | Reached skill level 15 in Dodging
 21466 | Lair:5   | Reached XP level 15. HP: 90/90 MP: 15/15
 21667 | Lair:5   | Found a staircase to the Slime Pits.
 21667 | Lair:5   | Found a viscous altar of Jiyva.
 21701 | Lair:5   | Noticed Rupert
 21748 | Lair:5   | Killed Rupert
 23524 | Lair:5   | Reached skill level 19 in Stealth
 24236 | Orc:1    | Entered Level 1 of the Orcish Mines
 24404 | Orc:2    | Entered Level 2 of the Orcish Mines
 24470 | Orc:2    | Found a staircase to the Elven Halls.
 24624 | Orc:2    | Noticed cheesebisquit's ghost (adept MiBe)
 24643 | Orc:2    | Found a runed translucent door.
 24770 | Orc:2    | Reached skill level 1 in Shields
 24869 | Orc:2    | Reached skill level 15 in Fighting
 25172 | Orc:2    | Paralysed by an ogre mage for 4 turns
 25266 | Orc:2    | Reached XP level 16. HP: 47/97 MP: 16/16
 25455 | Orc:2    | Found Utifesoige's Assorted Antiques.
 25455 | Orc:2    | Found Rienoset's Distillery.
 25456 | Orc:2    | Found Nevicrov's Assorted Antiques.
 25456 | Orc:2    | Found Noiczur's Assorted Antiques.
 26317 | Orc:2    | Killed cheesebisquit's ghost
 26640 | D:13     | Reached ****** piety under Hepliaklqana
 27129 | D:12     | Reached skill level 20 in Stealth
 27572 | D:13     | Identified the +0 chain mail of Understanding {*Slow rElec
                  | rF+++ Dex-3}
 27967 | D:13     | Found a gate to the Vaults.
 28912 | Orc:2    | Bought a dazzling dagger for 210 gold pieces
 28912 | Orc:2    | Identified the +4 dagger of Eternal War {drain, rN+ Int+2}
                  | (You bought it in a shop on level 2 of the Orcish Mines)
 29961 | D:15     | Entered Level 15 of the Dungeon
 30019 | D:15     | Found a staircase to the Depths.
 30507 | D:15     | Reached skill level 5 in Shields
 30549 | D:15     | Found a portal to a secret trove of treasure.
 30653 | D:15     | Reached XP level 17. HP: 100/103 MP: 0/17
 31229 | Spider:1 | Entered Level 1 of the Spider Nest
 31795 | Spider:1 | Reached skill level 21 in Stealth
 32450 | Spider:1 | Noticed Louise
 32466 | Spider:1 | Killed Louise
 33352 | Spider:2 | Found a runed translucent door.
 35461 | Spider:2 | Reached XP level 18. HP: 15/110 MP: 13/18
 35728 | Spider:2 | Reached skill level 22 in Stealth
 36926 | Spider:3 | Noticed Arachne
 36939 | Spider:3 | Killed Arachne
 38171 | Spider:2 | HP: 5/111 [poisoned by a redback]
 39318 | Orc:2    | Bought a distressingly furry scale mail for 288 gold pieces
 39318 | Orc:2    | Identified the +0 scale mail of the Devil's Advocate
                  | {+Blink rPois rF+ Int+4} (You bought it in a shop on level
                  | 2 of the Orcish Mines)
 39534 | Shoals:1 | Entered Level 1 of the Shoals
 39835 | Shoals:1 | Noticed Donald
 40271 | Shoals:1 | Demolished by Donald

Illustrated notes

Levels and vault maps discovered:
D:1:      dpeg_arrival_simpleton_b, layout_basic, kennysheep_another_room
D:2:      layout_basic, serial_shops, nicolae_shop_statue_plus, serial_curves,
          eino_curves_03, eino_curves_03, minmay_circle_x
D:3:      layout_loops_ring, uniq_robin, uniq_ijyb
D:4:      layout_basic, kennysheep_little_box, uniq_blork_the_orc
D:5:      layout_layer_cave, lemuel_tele_altar, serial_shops, shop,
          minmay_misc_feat_diagonals, uniq_eustachio
D:6:      layout_basic, nicolae_dithmenos_the_darkroom,
          mainiacjoe_overflow_24_doors, minmay_temple_entry_junction,
          minmay_manual_mess
D:7:      gammafunk_the_bubble [the_bubble_gammafunk_grid], layout_gridville,
          nicolae_overflow_hidden_temple, ashenzari_conservatory_becter,
          nicolae_overflow_hallway_of_the_gods, st_stairs_1,
          minmay_manual_mullet
D:8:      minmay_flawed_box, layout_basic, fedhas_bush_and_centaur_altar,
          due_lair_maze_entry_diamond, uniq_psyche
D:9:      layout_loops_corners, mainiacjoe_overflow_tiny_flanked,
          hangedman_decor_push, hangedman_decor_points, kennysheep_kite_vault
D:10:     layout_rooms
D:11:     layout_irregular_city, nicolae_hepliaklqana_monster_ancestors
D:12:     cheibrodos_elevator_heist, layout_rooms, david_orc_5, serial_shops,
          nicolae_shop_window_shopping, shop, shop, nicolae_take_the_stairs,
          shop, serial_rivers, chequers_serial_rivers_micro_d,
          chequers_serial_rivers_room_a, chequers_serial_rivers_marsh,
          chequers_serial_rivers_micro_c, chequers_serial_rivers_micro_d,
          grunt_ogre_cave
D:13:     layout_basic, grunt_vaults_entry_fortified, chequers_decorated_corner
D:14:     layout_layer_cave, chequers_serial_rivers_micro_c
D:15:     gammafunk_depths_entry_grave, layout_cross, enter_trove_2
Temple:   chequers_temple_sunken
Lair:1:   layout_regular_city, gauntlet_entry_generic, lemuel_fruit_fields,
          infiniplex_staircase_pool
Lair:2:   layout_gridlike, minmay_shoals_entry_hut, uniq_amaemon
Lair:3:   gammafunk_lair_enchanted_lake, layout_chaotic_city,
          spider_nest_entry_webs, minivault_26, worms_lemuel
Lair:4:   layout_gridlike, grunt_megastairs_1
Lair:5:   evilmike_catoblepas_cave, layout_misc_corridors, slime_entry_1,
          grunt_megastairs_2, serial_bayou_shore_b, uniq_rupert
Shoals:1: layout_shoals, uniq_donald
Spider:1: layout_spider_delve, drop_trap, nicolae_spider_paper_wasps,
          uniq_louise
Spider:2: cheibrodos_spider_deadly_dance
Spider:3: layout_spider_delve, uniq_arachne
Orc:1:    layout_caves
Orc:2:    st_orc_ogre_mass, layout_diamond_mine, hellmonk_ghost_happy_afterlife

Skill      XL: |  1  2  3  4  5  6  7  8  9 10 11 12 13 14 15 16 17 18 |
---------------+-------------------------------------------------------+-----
Short Blades   | 3 4 5 7 8 |  8.9
Dodging        | 2 3 4 6 7 9 10 12 13 15 16 17 18 19 | 19.0
Fighting       | 3 4 5 6 7 9 10 11 12 14 15 16 17 | 17.7
Stealth        | 6 7 9 10 12 13 15 16 18 19 20 21 22 | 22.6
Long Blades    | 4 7 9 10 11 12 | 12.3
Shields        | 2 5 7 8 |  8.0
Throwing       | |  2.1

Action                     |  1- 3 |  4- 6 |  7- 9 | 10-12 | 13-15 | 16-18 || total
---------------------------+-------+-------+-------+-------+-------+-------++-------
  Melee: Dagger            |    64 |   135 |       |       |       |       ||   199
         Rapier            |       |     2 |   192 |   532 |   959 |  1119 ||  2804
         Punch             |       |       |     2 |     5 |    14 |    22 ||    43
  Throw: Dart              |       |       |       |     2 |       |       ||     2
 Invoke: Ancestor Life: He |       |       |       |     1 |       |       ||     1
         Ancestor Identity |       |       |       |     1 |       |       ||     1
         Recall Ancestor   |       |       |       |     3 |     7 |     2 ||    12
  Evoke: Wand              |       |       |       |       |     3 |     6 ||     9
    Use: Scroll            |       |     1 |     3 |     2 |    28 |    12 ||    46
         Potion            |       |       |     2 |     1 |     4 |     8 ||    15
   Stab: Sleeping          |    20 |    27 |    24 |    43 |    41 |    46 ||   201
         Distracted        |       |     2 |     2 |     5 |    19 |    19 ||    47
         Confused          |       |       |       |     3 |    12 |    34 ||    49
         Invisible         |       |       |       |       |     3 |       ||     3
         Paralysed         |       |       |       |       |    15 |    45 ||    60
 Armour: Robe              |     8 |    28 |     1 |       |       |       ||    37
         Scale mail        |       |       |    69 |    87 |       |       ||   156
         Leather armour    |       |       |     2 |       |       |       ||     2
         Acid dragon scale |       |       |       |    18 |   113 |     7 ||   138
         Quicksilver drago |       |       |       |       |       |   101 ||   101
  Dodge: Dodged            |    24 |    87 |   120 |   413 |  1002 |  1013 ||  2659

Table legend: (Time is in decaauts)
 A = Elapsed time spent in this place.
 B = Non-inter-level travel time spent in this place.
 C = Inter-level travel time spent in this place.
 D = Time resting spent in this place.
 E = Time spent auto-exploring this place.
 F = Levels seen in this place.
 G = Mean time per level.
                   A        B        C        D        E       F      G
               +--------+--------+--------+--------+--------+-----+--------+
         Total |  39206 |  36473 |   2733 |   8749 |  21445 |  28 | 1400.2 |
       Dungeon |  17784 |  16114 |   1670 |   1637 |  11484 |  15 | 1185.6 |
        Temple |    272 |    250 |     22 |      0 |    240 |   1 |  272.0 |
          Lair |   9903 |   9400 |    503 |   3126 |   4854 |   5 | 1980.6 |
        Shoals |    713 |    713 |      0 |    313 |    233 |   1 |  713.0 |
   Spider Nest |   7454 |   7237 |    217 |   3011 |   3252 |   3 | 2484.7 |
  Orcish Mines |   2425 |   2106 |    319 |    398 |   1265 |   2 | 1212.5 |
      Gauntlet |    652 |    652 |      0 |    263 |    117 |   1 |  652.0 |
               +--------+--------+--------+--------+--------+-----+--------+

Top non-repeatable levels by time:
  Lair:4: 3438 daAuts
Spider:2: 2955 daAuts
  Lair:3: 2773 daAuts
Spider:1: 2348 daAuts
Spider:3: 2151 daAuts
     D:9: 2017 daAuts
   Orc:2: 1977 daAuts
     D:8: 1879 daAuts
     D:7: 1666 daAuts
  Lair:5: 1565 daAuts
    D:13: 1460 daAuts
    D:12: 1389 daAuts
    D:14: 1297 daAuts
    D:11: 1242 daAuts
  Lair:1: 1163 daAuts
